 Dungeon Crawl Stone Soup version 0.30.1-4-g462c640d31 (webtiles) character file.

Game seed: 11403713021321786301

130 Bobit the Poker (level 5, 0/43 HPs)
             Began as a Gnoll Wanderer on Aug 11, 2023.
             Was an Initiate of the Shining One.
             Slain by an iguana (2 damage)
             ... on level 4 of the Dungeon.
             The game lasted 00:07:05 (2963 turns).

Bobit the Poker (Gnoll Wanderer)                    Turns: 2963, Time: 00:07:06

Health: 0/43       AC:  3    Str: 10    XL:     5   Next: 14%
Magic:  12/12      EV: 12    Int: 10    God:    the Shining One [......]
Gold:   39         SH:  0    Dex: 16    Spells: 8/14 levels left

rFire   + . .        a - +1 spear
rCold   x . .        (no shield)
rNeg    . . .        c - +0 robe
rPois   .            m - +0 helmet
rElec   .            (no cloak)
rCorr   .            (no gloves)
SInv    .            (no boots)
Will    .....        (no amulet)
Stlth   +            t - ring of fire
HPRegen 0.27/turn    (no ring)
MPRegen 0.13/turn

%: no passive effects
@: glowing
A: fangs 1, strong nose, distributed training
a: Renounce Religion


You were on level 4 of the Dungeon.
You worshipped the Shining One.
The Shining One was noncommittal.
You visited 1 branch of the dungeon, and saw 4 of its levels.

You collected 143 gold pieces.
You spent 104 gold pieces at shops.

Inventory:

Hand Weapons
 a - a +1 spear (weapon)
Armour
 c - a +0 robe (worn)
 m - a +0 helmet (worn)
Jewellery
 t - a ring of fire (left hand)
Wands
 s - a wand of iceblast (6)
Scrolls
 d - a scroll of enchant armour {unknown}
 e - a scroll of magic mapping {unknown}
 g - 2 scrolls of teleportation {unknown}
 h - 2 scrolls of vulnerability {unknown}
 l - a scroll of enchant weapon {unknown}
 n - a scroll of identify {unknown}
 o - a scroll of butterflies {unknown}
 p - a scroll of noise {unknown}
 r - 2 scrolls of poison {unknown}
Potions
 b - a potion of attraction
 f - 5 potions of curing
 i - a potion of haste {unknown}
 j - a potion of degeneration {unknown}
 k - 2 potions of heal wounds
 q - a potion of berserk rage {unknown}


   Skills:
 + Level 4.7 Fighting
 + Level 1.4 Short Blades
 + Level 1.4 Long Blades
 + Level 1.4 Axes
 + Level 1.4 Maces & Flails
 + Level 6.7 Polearms
 + Level 1.4 Staves
 + Level 1.4 Ranged Weapons
 + Level 2.9 Throwing
 + Level 1.4 Armour
 + Level 1.4 Dodging
 + Level 2.7 Stealth
 + Level 1.4 Shields
 + Level 1.4 Unarmed Combat
 + Level 5.2 Spellcasting
 + Level 1.1 Conjurations
 + Level 1.1 Hexes
 + Level 1.1 Summonings
 + Level 1.1 Necromancy
 + Level 1.1 Translocations
 + Level 1.1 Transmutations
 + Level 1.1 Fire Magic
 + Level 1.1 Ice Magic
 + Level 1.1 Air Magic
 + Level 1.1 Earth Magic
 + Level 1.1 Poison Magic
 + Level 1.6 Invocations
 + Level 1.4 Evocations


You had 8 spell levels left.
You knew the following spells:

 Your Spells              Type           Power      Damage    Failure   Level
a - Summon Small Mammal   Summ           16%        N/A       14%         1
b - Blink                 Tloc           8%         N/A       22%         2
c - Call Imp              Summ           8%         N/A       22%         2
d - Magic Dart            Conj           16%        1d3       14%         1

Your spell library contained the following spells:

 Spells                   Type           Power      Damage    Failure   Level
 Apportation              Tloc           8%         N/A       14%         1
 Mephitic Cloud           Conj/Pois/Air  4%         N/A       38%         3
 Vhi's Electric Charge    Tloc/Air       8%         N/A       38%         3
 Alistair's Intoxication  Tmut/Pois      2%         N/A       98%         5


Dungeon Overview and Level Annotations

Branches:
Dungeon (4/15)
 Temple: D:4-7

Altars:
Nemelex Xobeh
Xom
Yredelemnul
The Shining One

Shops:
D:3 !


Innate Abilities, Weirdness & Mutations

You have very sharp teeth.
Your uncanny sense of smell can sniff out nearby items.
Your experience applies equally to all skills.


Message History

Found a sparkling altar of Nemelex Xobeh.
The iguana attacks as you move away! The iguana barely misses you.
There is an open door here.
The iguana attacks as you move away! The iguana barely misses you.
The iguana hisses menacingly.
You barely miss the iguana. The iguana bites you!
You hit the iguana.
The iguana is lightly wounded.
The iguana bites you but does no damage.
You hit the iguana but do no damage. Your bite misses the iguana.
The iguana is lightly wounded.
You hit the iguana but do no damage. Your bite misses the iguana.
The iguana is lightly wounded.
The iguana bites you.
You barely miss the iguana.
The iguana is lightly wounded.
The iguana bites you!
You hit the iguana.
The iguana is lightly wounded.
The iguana bites you!
* * * LOW HITPOINT WARNING * * *
Aiming: Iceblast
Press: ? - help, Shift-Dir - straight line, f - iguana
Aim: an iguana (lightly wounded)
Okay, then.
You feel much better. The iguana bites you!
* * * LOW HITPOINT WARNING * * *
You hit the iguana.
The iguana is moderately wounded.
You hit the iguana.
The iguana is heavily wounded.
The iguana closely misses you.
You barely miss the iguana.
The iguana is heavily wounded.
The iguana bites you!
* * * LOW HITPOINT WARNING * * *
You hit the iguana.
The iguana is severely wounded.
The iguana bites you.
You die...

#.8.8.#.#.8.8.#..#...
#.._..#.#.._..#..#...
#.8...#.#...8.#....>#
#...'#.#'...###.####
..#####...#####...# .
........⌠........## .
#.#####...#####.## #.
##...l#.#'...### #.
#.8.@.#.#...8.#
#.._..#.#.._..#
#.8.8.#.#.8.8.#
##...##.##...##
#####...##### #.. ###


You could see an iguana.

Vanquished Creatures
  7 adders
  2 worms (D:2)
  A dart slug (D:2)
  5 endoplasms
  4 giant cockroaches
  6 goblins
  8 hobgoblins
  4 quokkas
  4 ball pythons
  4 bats
  2 frilled lizards
  4 kobolds
  8 rats
59 creatures vanquished.

Notes
Turn   | Place    | Note
-------+----------+-------------------------------------------
     0 | D:1      | Bobit the Gnoll Wanderer began the quest for the Orb.
     0 | D:1      | Bobit set off with the following items: a +1 spear, a
                  | potion of attraction, a +0 robe; and the following spell
                  | memorised: Summon Small Mammal; and the following spells
                  | available to memorise: Blink, Call Imp, Vhi's Electric
                  | Charge.
     0 | D:1      | Reached XP level 1. HP: 20/20 MP: 6/6
   252 | D:1      | Reached XP level 2. HP: 9/26 MP: 7/7
   836 | D:2      | Reached skill level 5 in Spellcasting
   836 | D:2      | Reached XP level 3. HP: 22/31 MP: 7/9
   931 | D:2      | Reached skill level 1 in Invocations
  1229 | D:2      | Reached skill level 1 in Short Blades
  1229 | D:2      | Reached skill level 1 in Long Blades
  1229 | D:2      | Reached skill level 1 in Axes
  1229 | D:2      | Reached skill level 1 in Maces & Flails
  1229 | D:2      | Reached skill level 1 in Staves
  1229 | D:2      | Reached skill level 1 in Ranged Weapons
  1229 | D:2      | Reached skill level 1 in Armour
  1229 | D:2      | Reached skill level 1 in Dodging
  1229 | D:2      | Reached skill level 1 in Shields
  1229 | D:2      | Reached skill level 1 in Unarmed Combat
  1229 | D:2      | Reached skill level 1 in Evocations
  1498 | D:2      | Reached XP level 4. HP: 35/38 MP: 11/11
  2095 | D:3      | Reached skill level 1 in Conjurations
  2095 | D:3      | Reached skill level 1 in Hexes
  2095 | D:3      | Reached skill level 1 in Summonings
  2095 | D:3      | Reached skill level 1 in Necromancy
  2095 | D:3      | Reached skill level 1 in Translocations
  2095 | D:3      | Reached skill level 1 in Transmutations
  2095 | D:3      | Reached skill level 1 in Fire Magic
  2095 | D:3      | Reached skill level 1 in Ice Magic
  2095 | D:3      | Reached skill level 1 in Air Magic
  2095 | D:3      | Reached skill level 1 in Earth Magic
  2095 | D:3      | Reached skill level 1 in Poison Magic
  2098 | D:3      | Learned a level 2 spell: Blink
  2101 | D:3      | Learned a level 2 spell: Call Imp
  2103 | D:3      | Learned a level 1 spell: Magic Dart
  2136 | D:3      | Found Evoizih's Distillery.
  2145 | D:3      | Bought a potion of curing for 39 gold pieces
  2145 | D:3      | Bought a potion of heal wounds for 65 gold pieces
  2806 | D:4      | Reached XP level 5. HP: 41/43 MP: 12/12
  2930 | D:4      | Found a glowing golden altar of the Shining One.
  2933 | D:4      | Found a shimmering altar of Xom.
  2939 | D:4      | Became a worshipper of the Shining One
  2945 | D:4      | Found a basalt altar of Yredelemnul.
  2948 | D:4      | Found a sparkling altar of Nemelex Xobeh.
  2962 | D:4      | HP: 2/43 [iguana (10)]
  2963 | D:4      | Slain by an iguana

Illustrated notes

Levels and vault maps discovered:
D:1:      amcnicky_arrival_feature_with_door, layout_loops_ring,
          minmay_pentomino_t2
D:2:      layout_basic, chequers_serial_rivers_small_b, wad_floor_pattern_1
D:3:      layout_loops_ring, serial_shops, shop
D:4:      nicolae_cairo_tiling, layout_gridville,
          mainiacjoe_overflow_catch_the_wave, okawaru_metal_pillars_1_2,
          grunt_temple_overflow_cloverleaf, nrook_uturn,
          chequers_serial_rivers_large_a, nicolae_specific_store,
          kennysheep_nondescript

Skill      XL: |  1  2  3  4 |
---------------+-------------+-----
Spellcasting   | 5 |  5.2
Invocations    | 1 |  1.6
Short Blades   | 1 |  1.4
Long Blades    | 1 |  1.4
Axes           | 1 |  1.4
Maces & Flails | 1 |  1.4
Staves         | 1 |  1.4
Ranged Weapons | 1 |  1.4
Armour         | 1 |  1.4
Dodging        | 1 |  1.4
Shields        | 1 |  1.4
Unarmed Combat | 1 |  1.4
Evocations     | 1 |  1.4
Conjurations   | 1 |  1.1
Hexes          | 1 |  1.1
Summonings     | 1 |  1.1
Necromancy     | 1 |  1.1
Translocations | 1 |  1.1
Transmutations | 1 |  1.1
Fire Magic     | 1 |  1.1
Ice Magic      | 1 |  1.1
Air Magic      | 1 |  1.1
Earth Magic    | 1 |  1.1
Poison Magic   | 1 |  1.1
Fighting       | |  4.7
Polearms       | |  6.7
Throwing       | |  2.9
Stealth        | |  2.7

Action                     |  1- 3 |  4- 6 || total
---------------------------+-------+-------++-------
  Melee: Spear             |   104 |   105 ||   209
         Bite              |    11 |     5 ||    16
         Punch             |     1 |     3 ||     4
    Use: Potion            |       |     1 ||     1
   Stab: Sleeping          |     2 |    10 ||    12
 Armour: Robe              |     9 |     9 ||    18
  Dodge: Dodged            |    39 |    37 ||    76
